 Dungeon Crawl Stone Soup version 0.24.1-1-gd1d2a07e1b (webtiles) character file.

Game seed: 2957627698435718562, levelgen mode: deterministic

22415 MajorAdolf the Covert (level 13, -1/184 HPs)
             Began as a Naga Wanderer on Apr 8, 2020.
             Was an Initiate of Gozag.
             Slain by a catoblepas (26 damage)
             ... on level 4 of the Lair of Beasts.
             The game lasted 00:57:19 (26529 turns).

MajorAdolf the Covert (Naga Wanderer)              Turns: 26529, Time: 00:57:19

Health: -1/184     AC: 15    Str: 22    XL:     13   Next: 0%
Magic:  19/19      EV: 11    Int: 14    God:    Gozag
Gold:   518        SH:  4    Dex: 12    Spells: 12/12 levels left

rFire    . . .     SeeInvis +   h - +2 hand axe (flame)
rCold    . . .     Gourm    .   (no shield)
rNeg     . . .     Faith    .   g - +0 plate armour
rPois    +         Spirit   .   (no helmet)
rElec    .         Reflect  +   L - +0 cloak
rCorr    .         Harm     .   D - +0 pair of gloves
MR       +....                  (no barding)
Stlth    ..........             u - +4 amulet of reflection
HPRegen  0.40/turn              K - +4 ring of evasion
MPRegen  0.16/turn              i - +3 ring of slaying

@: berserking, quick
A: large, see invisible, deformed body, poison resistance, slowness 2, slow
metabolism 1, spit poison 1, constrict 1, AC +4
a: Spit Poison, Potion Petition, Call Merchant, Bribe Branch, Renounce Religion


You were on level 4 of the Lair of Beasts.
You worshipped Gozag.
Gozag was pleased with you.
You were not hungry.

You visited 3 branches of the dungeon, and saw 17 of its levels.

You collected 1149 gold pieces.
You spent 304 gold pieces at shops.
You paid 327 gold pieces to Gozag.

Inventory:

Hand Weapons
 h - a +2 hand axe of flaming (weapon)
Armour
 e - a +0 scale mail
 g - a +0 plate armour (worn)
 D - a +0 pair of gloves (worn)
 L - a +0 cloak (worn)
Magical Staves
 I - an uncursed staff of power
 M - an uncursed staff of air {unknown}
Jewellery
 c - a +3 ring of dexterity
 i - a +3 ring of slaying (right hand)
 u - a +4 amulet of reflection (around neck)
 v - an uncursed ring of flight
 x - an uncursed ring of resist corrosion
 K - a +4 ring of evasion (left hand)
 O - an uncursed ring of ice
 P - an uncursed ring of protection from fire
Wands
 o - a wand of enslavement (13)
 t - a wand of iceblast (5)
 w - a wand of clouds (1)
 C - a wand of acid (5)
 F - a wand of paralysis (10)
 H - a wand of random effects (33)
 J - a wand of flame (33)
Scrolls
 j - 5 scrolls of amnesia
 q - a scroll of enchant weapon
 r - 4 scrolls of teleportation
 s - a scroll of blinking
 E - 3 scrolls of remove curse
Potions
 a - 2 potions of heal wounds
 b - 2 potions of mutation
 d - 3 potions of haste
 k - 2 potions of brilliance
 l - 4 potions of degeneration
 m - 3 potions of curing
 n - a potion of cancellation
 p - a potion of resistance
 z - a potion of berserk rage
 A - 2 potions of magic
 B - a potion of might
 G - a potion of flight {unknown}
Miscellaneous
 N - a crystal ball of energy
Comestibles
 f - 14 rations


   Skills:
 + Level 10.0 Fighting
 + Level 8.7 Axes
 - Level 1.0 Staves
 + Level 7.4 Armour
 + Level 7.6 Dodging
 + Level 13.7 Stealth
 - Level 1.0 Unarmed Combat
 + Level 8.0 Evocations


You had 12 spell levels left.
You didn't know any spells.
Your spell library contained the following spells:

 Spells                   Type           Power        Failure   Level  Hunger
 Corona                   Hex            #......      99%         1    ##.....
 Ensorcelled Hibernation  Hex/Ice        #.....       100%        2    ###....
 Confuse                  Hex            #.......     100%        3    ####...
 Dazzling Spray           Conj/Hex       #.....       100%        3    ####...
 Tukima's Dance           Hex            #.......     100%        3    ####...
 Poison Arrow             Conj/Pois      #.........   100%        6    #######
 Chain Lightning          Conj/Air       #.........   100%        8    #######
 Lehudib's Crystal Spear  Conj/Erth      #.........   100%        8    #######
 Fire Storm               Conj/Fire      #.........   100%        9    #######
 Glaciate                 Conj/Ice       #.........   100%        9    #######


Dungeon Overview and Level Annotations

Branches:
Dungeon (12/15)            Temple (1/1) D:7            Lair (4/6) D:11
  Swamp: Lair:2-4    Shoals: Lair:2-4     Snake: Lair:2-4    Spider: Lair:2-4
    Orc: D:9-12

Altars:
Ashenzari
Cheibriados
Dithmenos
Elyvilon
Fedhas
Gozag
Hepliaklqana
Kikubaaqudgha
Makhleb
Nemelex Xobeh
Okawaru
Qazlal
Ru
Sif Muna
Trog
Uskayaw
Vehumet
Wu Jian
Xom
Yredelemnul
Zin
The Shining One

Shops:
D:4 =   D:5 *   D:9 *

Portals:
Trove: D:10 (give 2 scrolls of acquirement)

Annotations:
D:9 exclusion: downstairs, Erolcha
Lair:2 exclusion: oklob plant


Innate Abilities, Weirdness & Mutations

You cannot wear boots.
Your serpentine skin is tough. (AC +4)
You have supernaturally acute eyesight. (SInv)
Armour fits poorly on your strangely shaped body.
Your system is resistant to poisons. (rPois)
You cover ground very slowly.
You have a slow metabolism.
You can spit poison.
You can use your snake-like lower body to constrict enemies.


Message History

The catoblepas gores you but does no damage. x2
A red film seems to cover your vision as you go berserk!
You feel yourself moving faster!
You feel mighty! The catoblepas gores you.
* * * LOW HITPOINT WARNING * * *
You slash the catoblepas! You burn the catoblepas.
The catoblepas is heavily wounded.
You hit the catoblepas but do no damage.
The catoblepas is heavily wounded.
The catoblepas gores you.
* * * LOW HITPOINT WARNING * * *
You slash the catoblepas! You burn the catoblepas.
The catoblepas is severely wounded.
You slice the catoblepas!! You burn the catoblepas!
The catoblepas is almost dead.
The catoblepas breathes a plume of calcifying dust at you.
The blast of calcifying dust hits you!
* * * LOW HITPOINT WARNING * * *
The catoblepas gores you!!
You die...
Your body crumbles into a pile of gold.

###...... ## ##P##...### #
#.## #.........#
##.###..####.........##
..........##..........##
#<.........#...........###
......>....#.........P...#.
#...§§§§§§Y#...............
..........@..........##.#.#
+...................>.### #
#.........#####...P...#
####+P#P#.# ##.....###
#.###### #.#.#..# ####..###
##...#.#### #...#...##
#........#
##.......(######........#
#.........#.##.#........#


You could see a catoblepas.

Vanquished Creatures
  Erica (D:10)
  3 death yaks (D:11)
  A two-headed ogre (D:11)
  A queen ant (D:11)
  An unseen horror (D:10)
  A manticore (D:11)
  A cyclops (D:10)
  A torpor snail (Lair:2)
  2 black mambas
  2 gargoyles
  4 spiny frogs
  A komodo dragon (Lair:4)
  5 polar bears (Lair:1)
  A hornet (D:6)
  4 hippogriffs
  4 dream sheep (Lair:2)
  A spriggan (D:7)
  A wraith (D:11)
  A basilisk (Lair:3)
  A wyvern (D:12)
  14 yaks
  A steam dragon (D:11)
  A hungry ghost (D:8)
  Menkaure (D:6)
  6 soldier ants
  5 water moccasins
  6 porcupines
  The ghost of Sassenached the Conjurer, an amateur KoCj of Vehumet (D:4)
  Duvessa (D:5)
  4 orc warriors
  4 ice beasts
  2 phantoms (D:8)
  2 sky beasts
  2 necrophages
  4 centaurs
  5 ogres
  9 wolves
  A black bear (D:7)
  3 crocodiles
  2 big kobolds
  A gnoll sergeant (D:10)
  Dowan (D:5)
  10 bullfrogs
  5 scorpions
  A wyvern skeleton (D:11)
  A killer bee (D:10)
  6 wights
  3 howler monkeys
  6 crimson imps
  A centaur zombie (D:11)
  4 bullfrog zombies
  A centaur skeleton (D:10)
  An orc priest (D:5)
  10 hounds
  A quasit (D:5)
  Crazy Yiuf (D:3)
  3 jellies
  8 orc wizards
  2 bullfrog skeletons
  A gnoll shaman (D:3)
  4 iguanas
  4 hell rats
  13 worker ants
  3 hound skeletons
  A howler monkey zombie (D:8)
  3 worker ant zombies
  8 gnolls
  12 adders
  A howler monkey skeleton (D:10)
  8 river rats
  3 shadow imps (D:10)
  An ooze (D:5)
  2 adder skeletons
  An adder zombie (D:6)
  5 dart slugs
  3 leopard geckos
  42 orcs
  5 ball pythons
  3 giant cockroaches
  12 goblins
  6 hobgoblins
  12 jackals
  8 kobolds
  7 quokkas
  8 bats
  6 frilled lizards
  2 leopard gecko skeletons
  A quokka skeleton (D:6)
  A quokka zombie (D:8)
  10 rats
  6 fungi
379 creatures vanquished.

Vanquished Creatures (others)
  2 fungi (Lair:2)
  3 plants
5 creatures vanquished.

Grand Total: 384 creatures vanquished

Notes
Turn   | Place    | Note
-------+----------+-------------------------------------------
     0 | D:1      | MajorAdolf the Naga Wanderer began the quest for the Orb.
     0 | D:1      | MajorAdolf set off with the following items: a +0 dagger, 2
                  | potions of lignification, a +0 robe, 2 potions of haste, a
                  | ration
     0 | D:1      | Reached XP level 1. HP: 22/22 MP: 1/1
   420 | D:1      | Reached XP level 2. HP: 19/30 MP: 2/2
   951 | D:1      | Reached XP level 3. HP: 27/36 MP: 3/3
  1278 | D:1      | Reached skill level 1 in Armour
  1582 | D:2      | Reached skill level 4 in Stealth
  1762 | D:2      | Reached XP level 4. HP: 42/45 MP: 4/4
  1797 | D:2      | Found a shattered altar of Ashenzari.
  2863 | D:3      | Reached skill level 1 in Axes
  2868 | D:3      | Reached XP level 5. HP: 29/51 MP: 5/5
  3025 | D:3      | Found a sparkling altar of Nemelex Xobeh.
  3078 | D:3      | Found a faded altar of an unknown god.
  3721 | D:4      | Reached skill level 5 in Stealth
  3721 | D:4      | Reached XP level 6. HP: 31/60 MP: 6/6
  4351 | D:4      | Reached skill level 5 in Fighting
  4798 | D:4      | Noticed Sassenached's ghost (amateur KoCj)
  4801 | D:4      | Found a runed translucent door.
  5134 | D:4      | Reached XP level 7. HP: 54/67 MP: 7/7
  5392 | D:4      | Found Tuipoit's Jewellery Shop.
  5489 | D:4      | Reached skill level 6 in Stealth
  5606 | D:5      | Entered Level 5 of the Dungeon
  5711 | D:5      | Found Xumin's Assorted Antiques.
  6024 | D:5      | Noticed Duvessa
  6236 | D:5      | Found a white marble altar of Elyvilon.
  6497 | D:5      | Reached skill level 7 in Stealth
  6497 | D:5      | Reached XP level 8. HP: 50/76 MP: 8/8
  6823 | D:5      | Found a shimmering altar of Xom.
  6932 | D:5      | Found a stormy altar of Qazlal.
  7027 | D:5      | Noticed Dowan
  7037 | D:5      | Killed Duvessa
  7057 | D:5      | Killed Dowan
  7339 | D:5      | Found a hide-covered altar of Uskayaw.
  7533 | D:6      | Noticed Menkaure
  7651 | D:6      | Killed Menkaure
  7735 | D:6      | Reached skill level 8 in Stealth
  7850 | D:6      | Found a radiant altar of Vehumet.
  7861 | D:6      | Noticed a hornet
  7884 | D:6      | Killed a hornet
  7884 | D:6      | Reached XP level 9. HP: 71/85 MP: 10/10
  8131 | D:6      | Found an ancient bone altar of Kikubaaqudgha.
  8458 | D:7      | Found a staircase to the Ecumenical Temple.
  8704 | D:7      | Reached skill level 9 in Stealth
  9410 | D:7      | Reached skill level 5 in Axes
 10293 | D:8      | Found a sparkling altar of Nemelex Xobeh.
 10452 | D:8      | Found an opulent altar of Gozag.
 10539 | D:8      | Reached skill level 5 in Dodging
 10539 | D:8      | Reached XP level 10. HP: 73/94 MP: 13/13
 10668 | D:8      | Found a burning altar of Makhleb.
 11433 | D:9      | Found a shimmering blue altar of Sif Muna.
 11569 | D:9      | Found Orchiokha's Assorted Antiques.
 11580 | D:9      | Bought a scroll labeled XEGHIXZ GIZXOU for 32 gold pieces
 11580 | D:9      | Bought a fluorescent wand for 128 gold pieces
 11580 | D:9      | Bought a pair of gloves for 144 gold pieces
 11608 | D:9      | Reached skill level 10 in Stealth
 11750 | D:9      | Noticed Erolcha
 12172 | D:10     | Entered Level 10 of the Dungeon
 12341 | D:10     | Noticed Erica
 12353 | D:10     | Killed Erica
 12353 | D:10     | Reached skill level 5 in Armour
 12415 | D:10     | Noticed a gargoyle
 12581 | D:10     | Killed a gargoyle
 13233 | D:10     | Reached skill level 5 in Evocations
 13462 | D:10     | Noticed an unseen horror
 13835 | D:10     | Killed an unseen horror
 13835 | D:10     | Reached skill level 11 in Stealth
 13997 | D:10     | Found a portal to a secret trove of treasure.
 14212 | D:11     | Reached XP level 11. HP: 103/103 MP: 15/15
 14620 | D:11     | Noticed a manticore
 15652 | D:11     | Noticed a queen ant
 15672 | D:11     | Killed a queen ant
 16117 | D:11     | Noticed a cyclops
 16463 | D:10     | Killed a cyclops
 17316 | D:11     | Killed a manticore
 17769 | D:11     | Noticed a death yak
 17807 | D:11     | Killed a death yak
 18230 | D:11     | Noticed a death yak
 18257 | D:11     | Reached skill level 12 in Stealth
 18802 | D:11     | Noticed a two-headed ogre
 18824 | D:11     | Noticed a death yak
 19159 | D:12     | Noticed a two-headed ogre
 19159 | D:12     | Noticed a cyclops
 19193 | D:11     | Killed a two-headed ogre
 19406 | D:11     | Found a staircase to the Lair.
 19470 | D:11     | Killed a death yak
 19470 | D:11     | Reached XP level 12. HP: 87/114 MP: 15/17
 19475 | D:11     | Killed a death yak
 19959 | Lair:1   | Entered Level 1 of the Lair of Beasts
 21171 | Lair:1   | You fall into a shaft and drop 1 floor!
 21923 | Lair:2   | Reached skill level 13 in Stealth
 22768 | D:4      | Killed Sassenached's ghost
 22885 | D:3      | Found a runed translucent door.
 22886 | D:3      | Noticed Crazy Yiuf
 22900 | D:3      | Killed Crazy Yiuf
 23047 | Temple   | Entered the Ecumenical Temple
 23188 | D:8      | Became a worshipper of Gozag Ym Sagoz the Greedy
 24229 | Lair:3   | HP: 5/116 [spiny frog (19)]
 26285 | Lair:4   | Noticed a catoblepas
 26415 | Lair:4   | Reached skill level 10 in Fighting
 26415 | Lair:4   | Gained mutation: You can use your snake-like lower body to
                  | constrict enemies. [Naga growth]
 26415 | Lair:4   | Reached XP level 13. HP: 89/123 MP: 17/19
 26529 | Lair:4   | Slain by a catoblepas

Levels and vault maps discovered:
D:1:      onia_arrival_mini_maze, layout_rooms, st_stairs_10
D:2:      layout_rooms, lemuel_crystal_altar
D:3:      layout_basic, chequers_ecumenical_altar_simple_redux,
          nemelex_altar_shiori, uniq_crazy_yiuf_cottage
D:4:      layout_cave_pods, serial_shops, nicolae_shop_trees,
          hellmonk_ghost_happy_afterlife, minmay_unequal
D:5:      layout_rooms, grunt_temple_overflow_open, serial_shops, shop,
          first_ration, uniq_duvessa
D:6:      layout_rooms, kiku_gazebo_pond_becter, vehumet_crystals, uniq_menkaure
D:7:      layout_rooms, minmay_temple_entry_enclosed_plants,
          minmay_misc_feat_doors, the_bakery
D:8:      layout_gridville, makhleb_heckhound_becter,
          nicolae_overflow_crystal_walls, nemelex_lonely_heart_becter
D:9:      layout_basic, led_sif_pool, serial_shops, nicolae_shop_statue_plus,
          uniq_erolcha
D:10:     minmay_clustersquares, layout_gridville, nicolae_trove_entry_diagonal,
          uniq_erica
D:11:     layout_small_grid, dpeg_lair_monsters, minmay_another_anthill
D:12:     layout_basic, erik_orc_3, gauntlet_entry_generic, minivault_7,
          uniq_jorgrun
Temple:   nicolae_temple_hex_pool
Lair:1:   layout_roguey, cheibrodos_lair_lostbears
Lair:2:   layout_chaotic_city, minivault_23, minivault_24, kennysheep_rathole,
          grunt_megastairs_4, minmay_lair_oklob_chamber
Lair:3:   layout_long_grid
Lair:4:   layout_roguey, minmay_swamp_entry_swarm, dummy_spider_entry

Skill      XL: |  1  2  3  4  5  6  7  8  9 10 11 12 |
---------------+-------------------------------------+-----
Armour         | 1 2 3 4 5 6 7 |  7.4
Stealth        | 4 5 7 8 9 11 12 13 | 13.7
Axes           | 1 2 3 4 5 6 7 8 |  8.7
Dodging        | 2 3 4 5 6 7 |  7.6
Fighting       | 5 6 7 8 9 10 | 10.0
Evocations     | 2 4 5 6 8 |  8.0
Staves         | |  1.0
Unarmed Combat | |  1.0

Action                   |  1- 3 |  4- 6 |  7- 9 | 10-12 | 13-15 || total
-------------------------+-------+-------+-------+-------+-------++-------
Melee: Dagger            |   154 |       |       |       |       ||   154
       Hand axe          |     4 |   176 |   409 |   948 |    12 ||  1549
       Punch             |       |       |       |     2 |       ||     2
 Abil: Spit Poison       |     6 |     7 |    13 |    23 |       ||    49
Evoke: Wand              |       |       |       |    25 |       ||    25
  Use: Scroll            |     4 |     7 |     5 |    14 |       ||    30
       Potion            |       |       |     4 |     9 |     1 ||    14
 Stab: Sleeping          |       |       |     1 |     8 |       ||     9
       Paralysed         |       |       |       |     3 |       ||     3
       Distracted        |       |       |       |     3 |       ||     3
  Eat: Chunk             |     2 |     9 |    16 |    21 |       ||    48
       Ration            |       |       |     1 |     6 |       ||     7
Armor: Plate armour      |    82 |       |       |   123 |    10 ||   215
       Scale mail        |    61 |    14 |    52 |   221 |       ||   348
       Chain mail        |       |    87 |   144 |       |       ||   231
       Skin              |       |       |     3 |       |       ||     3
Dodge: Dodged            |    47 |    57 |   141 |   495 |     1 ||   741
Block: Other             |       |       |    20 |   174 |       ||   194
       Reflection        |       |       |     1 |     1 |       ||     2
